 Dungeon Crawl Stone Soup version 0.26-a0-668-gd58323b419 (webtiles) character file.

Game seed: 7026766032597283611

3391 mandarbmax the Quickloader (level 10, -1/65 HPs)
             Began as a Kobold Hunter on Oct 19, 2020.
             Was an Initiate of Gozag.
             Slain by a basilisk (12 damage)
             ... on level 8 of the Dungeon.
             The game lasted 00:25:07 (13028 turns).

mandarbmax the Quickloader (Kobold Hunter)         Turns: 13028, Time: 00:25:08

Health: -1/65      AC:  8    Str: 12    XL:     10   Next: 24%
Magic:  10/10      EV: 17    Int: 12    God:    Gozag
Gold:   257        SH:  4    Dex: 17    Spells: 9/9 levels left

rFire    . . .     SeeInvis .   b - +0 dagger (chaos)
rCold    . . .     Faith    .   A - +0 buckler
rNeg     . . .     Spirit   .   c - +0 leather armour
rPois    .         Reflect  .   (no helmet)
rElec    .         Harm     .   p - +2 cloak
rCorr    +         Rampage  .   f - +1 pair of gloves
MR       +....                  (no boots)
Stlth    +++++.....             z - amulet of magic regeneration
HPRegen  0.20/turn              w - ring of protection from magic
MPRegen  0.37/turn              v - ring of resist corrosion

@: no status effects
A: small, nightstalker 3
a: Potion Petition, Call Merchant, Bribe Branch, Renounce Religion


You were on level 8 of the Dungeon.
You worshipped Gozag.
Gozag was aware of your devotion.
You visited 2 branches of the dungeon, and saw 10 of its levels.

You collected 318 gold pieces.
You paid 61 gold pieces to Gozag.

Inventory:

Hand Weapons
 a - a +2 hand crossbow
 b - a +0 dagger of chaos (weapon)
 l - a +0 short sword
 t - a +0 arbalest
 u - a +0 long sword
Missiles
 d - 65 bolts
Armour
 c - a +0 leather armour (worn)
 f - a +1 pair of gloves (worn)
 p - a +2 cloak (worn)
 A - a +0 buckler (worn)
Jewellery
 s - an uncursed ring of positive energy
 v - a ring of resist corrosion (right hand)
 w - a ring of protection from magic (left hand)
 z - an amulet of magic regeneration (around neck)
Wands
 m - a wand of enslavement (7)
Scrolls
 g - 3 scrolls of remove curse
 h - 6 scrolls of teleportation
 n - a scroll of blinking
 o - 4 scrolls of identify
 B - 2 scrolls of fear
Potions
 e - 4 potions of brilliance
 k - a potion of haste
 r - 2 potions of magic
 x - 2 potions of flight


   Skills:
 + Level 8.8 Fighting
 - Level 7.0 Short Blades
 - Level 9.0 Crossbows
 - Level 6.0 Dodging
 - Level 8.0 Stealth
 - Level 4.0 Evocations


You had 9 spell levels left.
You didn't know any spells.
Your spell library contained the following spells:

 Spells                   Type           Power        Failure   Level
 Animate Skeleton         Necr           #.....       58%         1
 Apportation              Tloc           #.....       58%         1
 Corona                   Hex            #......      58%         1
 Summon Small Mammal      Summ           #...         58%         1


Dungeon Overview and Level Annotations

Branches:
Dungeon (9/15)             Temple (1/1) D:7
   Lair: D:8-11         Orc: D:9-12

Altars:
Ashenzari
Cheibriados
Dithmenos
Elyvilon
Fedhas
Gozag
Hepliaklqana
Kikubaaqudgha
Makhleb
Nemelex Xobeh
Okawaru
Qazlal
Sif Muna
Trog
Uskayaw
Vehumet
Wu Jian
Xom
The Shining One

Shops:
D:8 *


Innate Abilities, Weirdness & Mutations

You are small and have problems with some larger weapons.
You are completely attuned to the shadows.


Message History

Unknown command.
You feel better. Something closely misses you.
You block the bullfrog skeleton's attack.
Something bites you.
* * * LOW HITPOINT WARNING * * *
You feel better. The bullfrog skeleton misses you.
You block something's attack. Something completely misses you.
Something closely misses you.
There is a stone staircase leading up, spattered with blood here.
You block something's attack.
You climb upwards.
Reactivating autopickup.
There is a stone staircase leading down here.
Something bites you!
* * * LOW HITPOINT WARNING * * *
Deactivating autopickup; reactivate with Ctrl-A.
Something bites you!
You die...
Your body crumbles into a pile of gold.

.# #.....#.##...................
.####.....#.##...######..........
..........#.##...# #..........
..........#.##...## #......####
..........'...)...# #......#
..........#.###...# #......#
.........##.###...# #......####
............[...>## #..........
..............<#@# #........##
...............#.# #........'.
#######........#.# ####.....##
#........#.#########.....#
#.................##.....#
#.................##.....##
#.................####....#
#####'##..........##.......
#.##........รท.##......(


There were no monsters in sight!

Vanquished Creatures
  A golden eye (shapeshifter) (D:9)
  A basilisk (D:9)
  3 water moccasins
  3 orc warriors
  4 ogres
  2 ice beasts (D:5)
  A black bear (D:8)
  A phantom (D:6)
  A sky beast (D:6)
  3 centaurs
  3 bullfrogs
  2 scorpions
  A killer bee (D:5)
  5 howler monkeys
  8 hounds
  2 quasits
  A jelly (D:6)
  4 orc priests
  2 iguanas
  5 orc wizards
  5 worker ants
  A howler monkey zombie (D:9)
  A worker ant zombie (D:8)
  6 adders
  A white imp (D:5)
  3 oozes
  2 adder skeletons
  4 dart slugs
  6 worms
  3 leopard geckos
  25 orcs
  7 bats
  A giant cockroach (D:4)
  10 goblins
  5 hobgoblins
  19 jackals
  7 quokkas
  2 frilled lizards
  9 kobolds
  7 rats
177 creatures vanquished.

Vanquished Creatures (others)
  17 plants (D:9)
17 creatures vanquished.

Grand Total: 194 creatures vanquished

Notes
Turn   | Place    | Note
-------+----------+-------------------------------------------
     0 | D:1      | mandarbmax the Kobold Hunter began the quest for the Orb.
     0 | D:1      | Reached XP level 1. HP: 12/12 MP: 1/1
   131 | D:1      | Reached skill level 5 in Crossbows
   131 | D:1      | Reached XP level 2. HP: 14/17 MP: 2/2
   974 | D:2      | Reached XP level 3. HP: 21/21 MP: 3/3
  1810 | D:2      | Reached XP level 4. HP: 26/26 MP: 4/4
  2681 | D:3      | Reached skill level 1 in Short Blades
  3254 | D:3      | Reached XP level 5. HP: 30/30 MP: 5/5
  3322 | D:3      | Reached skill level 6 in Crossbows
  4126 | D:4      | Reached XP level 6. HP: 26/35 MP: 6/6
  4545 | D:4      | Found a shimmering altar of Xom.
  4738 | D:4      | Reached skill level 5 in Stealth
  4920 | D:4      | Found a shimmering blue altar of Sif Muna.
  5547 | D:5      | Entered Level 5 of the Dungeon
  5992 | D:5      | Noticed an ogre
  5995 | D:5      | Noticed an ice beast
  5997 | D:5      | Killed an ogre
  5997 | D:5      | Reached XP level 7. HP: 40/40 MP: 7/7
  6007 | D:5      | Reached skill level 7 in Crossbows
  6295 | D:5      | Reached skill level 5 in Short Blades
  6295 | D:5      | Reached XP level 8. HP: 29/44 MP: 8/8
  6692 | D:5      | Found a snail-covered altar of Cheibriados.
  7203 | D:6      | Reached skill level 5 in Dodging
  7568 | D:6      | Reached skill level 8 in Crossbows
  8034 | D:6      | Reached XP level 9. HP: 43/48 MP: 9/9
  8590 | D:6      | Reached skill level 9 in Crossbows
  8666 | D:6      | Reached skill level 1 in Evocations
  8895 | D:6      | Found an ornate altar of the Wu Jian Council.
 10114 | D:7      | Found an opulent altar of Gozag.
 10122 | D:7      | Found a staircase to the Ecumenical Temple.
 10455 | D:8      | Reached skill level 5 in Fighting
 11017 | D:8      | Found Ippen's General Store.
 11049 | Temple   | Entered the Ecumenical Temple
 11459 | D:7      | Became a worshipper of Gozag Ym Sagoz the Greedy
 12126 | D:9      | Reached XP level 10. HP: 61/61 MP: 10/10
 13028 | D:8      | Slain by a basilisk

Illustrated notes

Levels and vault maps discovered:
D:1:      lightli_molten_gateway, layout_rooms
D:2:      layout_loops_ring
D:3:      minmay_thinvault, layout_loops_corners
D:4:      layout_rooms, lemuel_blue_sif_altar, tgw_xom
D:5:      layout_basic, slow_altar_1
D:6:      layout_layer_cave, basic_altar
D:7:      layout_loops_ring, nicolae_overflow_hidden_temple,
          minmay_temple_entry_from_below_a
D:8:      layout_basic, serial_shops, nicolae_shop_behind_doors
D:9:      layout_big_octagon, chequers_temple_overflow_minitemple,
          minmay_lair_entry_grove, serial_park, serial_park_square3
          [serial_park_minivault_5x5_7]
Temple:   nicolae_temple_elliptical

Skill      XL: |  1  2  3  4  5  6  7  8  9 10 |
---------------+-------------------------------+-----
Crossbows      | 5 6 7 8 9 |  9.0
Stealth        | 2 3 4 5 6 8 |  8.0
Dodging        | 3 4 5 6 |  6.0
Short Blades   | 1 2 4 5 6 7 |  7.0
Evocations     | 4 |  4.0
Fighting       | 6 8 |  8.8

Action                   |  1- 3 |  4- 6 |  7- 9 | 10-12 || total
-------------------------+-------+-------+-------+-------++-------
Melee: Short sword       |    60 |   129 |       |       ||   189
       Dagger            |       |    75 |   394 |   137 ||   606
 Fire: Hand crossbow     |    21 |    60 |    80 |     8 ||   169
Evoke: Wand              |       |     3 |    28 |     2 ||    33
  Use: Scroll            |       |    13 |     2 |       ||    15
       Potion            |       |       |     3 |     6 ||     9
 Stab: Sleeping          |     1 |     2 |     1 |       ||     4
       Paralysed         |       |       |     6 |     1 ||     7
       Confused          |       |       |     1 |       ||     1
       Petrifying        |       |       |     1 |       ||     1
       Distracted        |       |       |       |     1 ||     1
Armor: Leather armour    |    10 |    54 |    60 |    17 ||   141
Dodge: Dodged            |    41 |   140 |   222 |    72 ||   475
Block: Buckler           |       |    10 |    59 |    23 ||    92

Table legend: (Time is in decaauts)
 A = Elapsed time spent in this place.
 B = Non-inter-level travel time spent in this place.
 C = Inter-level travel time spent in this place.
 D = Time resting spent in this place.
 E = Time spent auto-exploring this place.
 F = Levels seen in this place.
 G = Mean time per level.
                   A        B        C        D        E       F      G
               +--------+--------+--------+--------+--------+-----+--------+
         Total |  12829 |  12077 |    752 |   4207 |   6160 |  10 | 1282.9 |
       Dungeon |  12495 |  11767 |    728 |   4207 |   5851 |   9 | 1388.3 |
        Temple |    333 |    309 |     24 |      0 |    309 |   1 |  333.0 |
               +--------+--------+--------+--------+--------+-----+--------+

Top non-repeatable levels by time:
     D:3: 1918 daAuts
     D:5: 1859 daAuts
     D:6: 1715 daAuts
     D:8: 1697 daAuts
     D:4: 1651 daAuts
     D:7: 1319 daAuts
     D:2: 1302 daAuts
     D:1: 838 daAuts
  Temple: 333 daAuts
     D:9: 193 daAuts
